 Dungeon Crawl Stone Soup version 0.21-a0-2-ge494091 (webtiles) character file.

161 ChaseSP the Cudgeler (level 5, -1/38 HPs)
             Began as a Demonspawn Gladiator on May 20, 2017.
             Slain by a hobgoblin (5 damage)
             ... led by Robin
             ... on level 3 of the Dungeon.
             The game lasted 00:04:30 (2103 turns).

ChaseSP the Cudgeler (Demonspawn Gladiator)         Turns: 2103, Time: 00:04:30

Health: -1/38      AC:  3    Str: 16    XL:     5   Next: 19%
Magic:  0/5        EV: 13    Int:  9    God:
Gold:   82         SH:  0    Dex: 16    Spells: 4/4 levels left

rFire    . . .     SeeInvis .   a - +0 flail
rCold    . . .     Gourm    .   (no shield)
rNeg     . . .     Faith    .   b - +0 leather armour
rPois    .         Spirit   +   (helmet restricted)
rElec    .         Reflect  .   (no cloak)
rCorr    .         Harm     .   (no gloves)
MR       .....                  (no boots)
Stlth    ++........             (no amulet)
Regen    0.2/turn               (no ring)
MPRegen  0.1/turn               (no ring)

@: no status effects
A: antennae 1, thin skeletal structure 1, magic shield
a: no special abilities


You were on level 3 of the Dungeon.
You were not hungry.

You visited 1 branch of the dungeon, and saw 3 of its levels.

You collected 82 gold pieces.

Inventory:

Hand Weapons
 a - a +0 flail (weapon)
Missiles
 d - 3 throwing nets (quivered)
Armour
 b - a +0 leather armour (worn)
 c - a +0 helmet
 q - a +0 robe
Jewellery
 m - a cursed +5 ring of strength {unknown}
Scrolls
 i - a scroll of immolation {unknown}
 j - a scroll of amnesia {unknown}
 k - 7 scrolls of identify {unknown}
 n - 2 scrolls of fear {unknown}
 o - 2 scrolls of remove curse {unknown}
 s - 2 scrolls of blinking {unknown}
Potions
 e - 4 potions of curing
 g - a potion of berserk rage {unknown}
 h - a potion of flight {unknown}
 l - a potion of lignification {unknown}
 r - 2 potions of cancellation {unknown}
Comestibles
 f - a bread ration
 p - a chunk of flesh


   Skills:
 - Level 2.0 Fighting
 * Level 5.4 Maces & Flails
 - Level 1.7 Throwing
 - Level 2.6 Dodging


You had 4 spell levels left.
You didn't know any spells.

Dungeon Overview and Level Annotations

Branches:
Dungeon (3/15)

Altars:
Gozag
Nemelex Xobeh
Yredelemnul

Annotations:
D:3 Robin


Innate Abilities, Weirdness & Mutations

You have a pair of small antennae on your head.
You have a somewhat thin skeletal structure. (Dex +2, Stealth)
When hurt, damage is shared between your health and your magic reserves.


Message History

Robin hits you with a spear. The hobgoblin closely misses you.
You closely miss Robin.
Robin is severely wounded.
The hobgoblin no longer looks unusually strong. x3
The goblin no longer looks unusually strong.
The goblin hits you. The goblin barely misses you. The hobgoblin misses you.
Robin roars a battlecry!
The goblins go into a battle-frenzy!
The goblin hits you. The hobgoblin closely misses you.
You completely miss Robin.
Robin is severely wounded.
The goblin misses you. The hobgoblin barely misses you.
Robin hits you with a spear.
* * * LOW HITPOINT WARNING * * *
The goblin misses you. The hobgoblin hits you with a club.
* * * LOW HITPOINT WARNING * * *
The goblin hits you with a dagger.
* * * LOW HITPOINT WARNING * * *
The hobgoblin hits you.
You die...

........# #...# ##
#..#.#..... ........###.###
##.......... ............#
#..#.###.... ........#####
##....# ###.. .........##
###...### #.. ..........#
##....## ###. #########.##
###..#..# #.).
#..###ggg#...# ####...
#####...#@###.#.####......
#........ggggg...##........
#.....######g.......#.##).(
#....# #...............
###.# ...g.............. #.
#.###.........####. . #
..######## ## . g... ....


You could see Robin, 5 hobgoblins and 3 goblins.

Vanquished Creatures
  Jessica (D:2)
  A gnoll (D:1)
  5 adders
  3 worms
  2 dart slugs (D:1)
  4 leopard geckos (D:1)
  2 ball pythons (D:1)
  2 giant cockroaches
  10 goblins
  5 hobgoblins
  2 jackals (D:1)
  12 kobolds
  8 bats
  4 frilled lizards
  8 rats
69 creatures vanquished.

Notes
Turn   | Place    | Note
-------+----------+-------------------------------------------
     0 | D:1      | ChaseSP the Demonspawn Gladiator began the quest for the Orb.
     0 | D:1      | Reached XP level 1. HP: 16/16 MP: 1/1
    41 | D:1      | Reached skill level 3 in Maces & Flails
    77 | D:1      | Gained mutation: When hurt, damage is shared between your health and your magic reserves. [demonic ancestry]
    77 | D:1      | Reached XP level 2. HP: 15/22 MP: 2/2
   596 | D:1      | Reached XP level 3. HP: 19/27 MP: 3/3
   730 | D:1      | Reached skill level 4 in Maces & Flails
   924 | D:2      | Noticed Jessica
   933 | D:2      | Killed Jessica
   933 | D:2      | Gained mutation: You have a pair of small antennae on your head. [demonic ancestry]
   933 | D:2      | Reached XP level 4. HP: 33/33 MP: 4/4
  1313 | D:2      | Found a sparkling altar of Nemelex Xobeh.
  1314 | D:2      | Found a basalt altar of Yredelemnul.
  1357 | D:3      | Found an opulent altar of Gozag.
  1438 | D:3      | Reached skill level 5 in Maces & Flails
  1965 | D:3      | Gained mutation: You have a somewhat thin skeletal structure. (Dex +2, Stealth) [demonic ancestry]
  1965 | D:3      | Reached XP level 5. HP: 34/38 MP: 5/5
  2081 | D:3      | Noticed Robin
  2103 | D:3      | Slain by a hobgoblin

Vault maps used:
D:1:      dpeg_arrival_radiant
D:2:      amethyst_overflow_temple_binary, uniq_jessica
D:3:      grunt_gozag_statues, uniq_robin

Skill      XL: |  1  2  3  4 |
---------------+-------------+-----
Maces & Flails | 3 4 5 |  5.4
Fighting       | |  2.0
Throwing       | |  1.7
Dodging        | |  2.6

Action                   |  1- 3 |  4- 6 || total
-------------------------+-------+-------++-------
Melee: Flail             |    96 |   106 ||   202
  Use: Potion            |       |     1 ||     1
 Stab: Sleeping          |       |     1 ||     1
  Eat: Chunk             |       |     4 ||     4
Armor: Leather armour    |    26 |    21 ||    47
Dodge: Dodged            |    82 |    87 ||   169
